AoeStats
← Lebende Leiche

Fortress

510143661Analyzed
3v3 RM · 3d ago on Sep 29, 2026· 35m 51s· 6 players
Game mode
Random Map
Map size
Large (8 player)
Population
200
Speed
Normal
Resources
Standard
Victory
Conquest
Starting age
Dark Age
Ending age
Imperial Age
RankedLock teamsTeams togetherTeam positionsShared explorationLock speedFull tech treeHidden civsTurbo modeCheats
Victory
Defeat
🇩🇪 Saracens · Germany
1239
+14
🇩🇪 Mongols · Germany
1238
+14
🇩🇪 Portuguese · Germany
1145
+19
🇨🇳 Mongols · China
1233
-17
🇸🇪 Teutons · Sweden
1200
-16
🇩🇪 Danes · Germany
1158
-14
Rickard
7:35 Feudal Age
8:51 Double-Bit Axe
11:45 Castle Age
9:37 Horse Collar
11:41 Scale Barding Armor
11:55 Loom
12:46 Wheelbarrow
12:24 Bloodlines
15:42 Bow Saw
15:45 Gold Mining
21:21 Town Watch
23:16 Wheelbarrow
23:19 Stone Mining
23:39 Heavy Plow
25:03 Forging
28:36 Imperial Age
26:57 Hand Cart
27:24 Chain Barding Armor
27:29 Caravan
28:54 Cavalier
30:18 Conscription
32:21 Plate Barding Armor
31:22 Paladin
33:20 Iron Casting
Iribaar
5:45 Loom
7:30 Feudal Age
8:46 Double-Bit Axe
12:16 Castle Age
11:33 Horse Collar
13:12 Bow Saw
16:44 Wheelbarrow
15:56 Town Watch
18:07 Gold Mining
19:09 Heavy Plow
20:28 Stone Mining
21:14 Gold Shaft Mining
20:31 Fletching
21:41 Hand Cart
26:40 Imperial Age
25:03 Stone Shaft Mining
24:54 Bodkin Arrow
24:59 Scale Mail Armor
25:10 Forging
25:03 Squires
24:48 Arson
24:49 Gambesons
25:06 Pikeman
26:31 Stone Shaft Mining
27:19 Chain Mail Armor
27:41 Iron Casting
28:11 Conscription
27:12 Hamask
28:44 Plate Mail Armor
28:15 Bracer
29:17 Elite Varangian Guard
ROCK
7:30 Feudal Age
8:11 Double-Bit Axe
11:06 Castle Age
8:55 Horse Collar
11:30 Gold Mining
11:53 Fletching
17:25 Loom
18:18 Ballistics
19:16 Bodkin Arrow
19:54 Padded Archer Armor
21:23 Husbandry
23:01 Leather Archer Armor
23:23 Wheelbarrow
24:47 Hand Cart
runawayking
9:08 Feudal Age
10:26 Wheelbarrow
9:37 Loom
9:42 Arson
9:45 Double-Bit Axe
9:42 Horse Collar
15:30 Castle Age
16:31 Forging
16:22 Scale Mail Armor
16:18 Pikeman
18:14 Chain Mail Armor
22:20 Iron Casting
21:37 Fletching
24:48 Hand Cart
29:47 Imperial Age
27:42 Ballistics
32:41 Arquebus
34:55 Chemistry
34:08 Masonry
35:06 Blast Furnace
34:45 Halberdier
Lebende Leiche
8:40 Feudal Age
10:11 Double-Bit Axe
10:19 Horse Collar
12:58 Castle Age
12:16 Scale Barding Armor
14:06 Bow Saw
14:29 Chain Barding Armor
14:14 Heavy Plow
16:16 Husbandry
16:35 Gold Mining
17:11 Town Watch
17:36 Loom
18:00 Stone Mining
19:05 Wheelbarrow
20:49 Fletching
23:42 Bloodlines
24:42 Ballistics
25:25 Hand Cart
25:20 Town Patrol
26:28 Bodkin Arrow
31:24 Imperial Age
29:12 Masonry
31:43 Heavy Camel Rider
33:10 Plate Barding Armor
34:00 Forging
36:47 Iron Casting
36:38 Conscription
El Commandante
8:08 Feudal Age
9:08 Loom
11:54 Castle Age
9:42 Double-Bit Axe
9:48 Horse Collar
10:21 Fletching
12:09 Padded Archer Armor
12:14 Scale Barding Armor
12:52 Bodkin Arrow
15:16 Gold Mining
17:25 Bow Saw
20:39 Wheelbarrow
20:41 Bloodlines
20:46 Heavy Plow
21:04 Husbandry
22:23 Ballistics
23:12 Leather Archer Armor
26:47 Imperial Age
25:14 Thumb Ring
27:12 Hand Cart
27:33 Bracer
27:53 Chain Barding Armor
27:33 Heavy Camel Rider
29:55 Chemistry
29:07 Forging
30:12 Hoardings
31:11 Conscription
31:46 Elite Mangudai
33:32 Iron Casting
Connection lost

Rejoining the realm…

Still unreachable

The connection could not be restored.

Session expired

The server has moved on; the page needs a fresh start.